 Dungeon Crawl Stone Soup version 0.30.1 (webtiles) character file.

Game seed: 6837304359965664994

5521 Fodor the Blocker (level 10, -1/88 HPs)
             Began as a Minotaur Fighter on July 10, 2023.
             Slain by a polar bear (28 damage)
             ... on level 9 of the Dungeon.
             The game lasted 00:47:47 (9564 turns).

Fodor the Blocker (Minotaur Fighter)                Turns: 9564, Time: 00:47:49

Health: -1/88      AC:  1    Str: 25    XL:     10   Next: 43%
Magic:  9/9        EV: 16    Int:  8    God:
Gold:   729        SH: 13    Dex: 23    Spells: 9/9 levels left

rFire   x . .        a - +1 long sword (heavy)
rCold   + . .        c - +0 buckler
rNeg    . . .        (no body armour)
rPois   +            (helmet restricted)
rElec   .            N - scarf of Situkhlu {harm, rPois Regen+ Int+3 Dex+7}
rCorr   .            b - +0 pair of gloves
SInv    .            (no boots)
Will    .....        p - amulet of reflection
Stlth   ++           o - ring of ice
HPRegen 1.14/turn    B - +6 ring of dexterity
MPRegen 0.11/turn

%: harm (+30% outgoing, +20% incoming), reflection
@: no status effects
A: horns 2, retaliatory headbutt
a: no special abilities


You were on level 9 of the Dungeon.
You visited 2 branches of the dungeon, and saw 10 of its levels.
You also visited: Sewer.

You collected 729 gold pieces.

Inventory:

Hand Weapons
 a - a +1 heavy long sword (weapon)
 e - a +0 shortbow
 i - a +2 short sword of draining
 u - a +3 morningstar
 I - a +0 heavy flail
Missiles
 w - 5 atropa-tipped darts (quivered)
 y - 6 boomerangs
 D - 18 poisoned darts
 H - a throwing net
Armour
 b - a +0 pair of gloves (worn)
 c - a +0 buckler (worn)
 s - a +0 cloak
 N - the scarf of Situkhlu (worn) {harm, rPois Regen+ Int+3 Dex+7}
   (You acquired it on level 9 of the Dungeon)

   Int:       It affects your intelligence (+3).
   Dex:       It affects your dexterity (+7).
   rPois:     It protects you from poison.
   Regen:     It increases your rate of health regeneration.
 Q - an orb of guile
 S - a +0 chain mail of poison resistance
Jewellery
 o - a ring of ice (left hand)
 p - an amulet of reflection (around neck)
 B - a +6 ring of dexterity (right hand)
 C - a ring of protection from fire
 F - a +6 ring of intelligence
 J - a ring of resist corrosion
Wands
 q - a wand of digging (3)
 x - a wand of flame (9)
 R - a wand of polymorph (4)
Scrolls
 f - 3 scrolls of noise
 g - 3 scrolls of poison
 k - a scroll of magic mapping
 m - a scroll of blinking
 r - 2 scrolls of vulnerability
 t - 8 scrolls of teleportation
 v - 3 scrolls of fog
 E - 2 scrolls of immolation
 M - a scroll of fear
Potions
 d - a potion of might
 h - 2 potions of berserk rage {unknown}
 j - 2 potions of haste
 l - a potion of resistance {unknown}
 n - 7 potions of mutation
 z - 5 potions of flight
 A - 6 potions of curing
 G - a potion of attraction {unknown}
 K - a potion of degeneration {unknown}
 L - 5 potions of heal wounds
 O - a potion of invisibility {unknown}


   Skills:
 + Level 7.7 Fighting
 + Level 6.7(7.3) Short Blades
 + Level 4.5(6.6) Long Blades
 + Level 9.3 Armour
 + Level 5.3 Dodging
 + Level 1.6 Stealth
 + Level 11.3 Shields


You had 9 spell levels left.
You didn't know any spells.
Your spell library contained the following spells:

 Spells                   Type           Power      Damage    Failure   Level
 Slow                     Hex            0%         N/A       43%         1
 Confusing Touch          Hex            0%         N/A       82%         3
 Gell's Gravitas          Tloc           0%         N/A       82%         3
 Ozocubu's Armour         Ice            0%         N/A       82%         3
 Summon Guardian Golem    Hex/Summ       0%         N/A       82%         3
 Teleport Other           Tloc           0%         N/A       82%         3
 Vampiric Draining        Necr           0%         2d6       82%         3
 Dispersal                Tloc           0%         N/A       100%        6
 Orb of Destruction       Conj           0%         9d5       100%        7
 Ozocubu's Refrigeration  Ice            0%         4d7       100%        7
 Spellforged Servitor     Conj/Summ      0%         N/A       100%        7


Dungeon Overview and Level Annotations

Branches:
Dungeon (9/15)             Temple (1/1) D:5            Lair (0/5) D:8
  Sewer (visited)
    Orc: D:9-12

Altars:
Ashenzari
Cheibriados
Dithmenos
Elyvilon
Fedhas
Hepliaklqana
Kikubaaqudgha
Makhleb
Nemelex Xobeh
Okawaru
Qazlal
Ru
Sif Muna
Trog
Uskayaw
Vehumet
Wu Jian
Xom
Zin
The Shining One


Innate Abilities, Weirdness & Mutations

You have a pair of horns on your head.
You reflexively headbutt those who attack you in melee.


Message History

Things that are here:
a +0 club; a +0 flail
Things that are here:
a +0 trident; a +0 scale mail; an orc corpse
Items here: )) ††.
You enter the shallow water.
Moving in this stuff is going to be slow.
w - 5 atropa-tipped darts (gained 1)
You see here an electric eel corpse.
The polar bear growls angrily.
You hit the polar bear.
The polar bear is lightly wounded.
You block the polar bear's attack. x2; The polar bear claws you.
You barely miss the polar bear. You headbutt the polar bear!
The polar bear is moderately wounded.
The polar bear bites you! The polar bear claws you.
The polar bear completely misses you. You block the polar bear's attack. x3
You hit the polar bear.
The polar bear is moderately wounded.
The polar bear bites you!! The polar bear claws you. x2
You block the polar bear's attack. The polar bear closely misses you.
The polar bear claws you.
You barely miss the polar bear.
The polar bear is moderately wounded.
The polar bear bites you. You block the polar bear's attack. x2
You hit the polar bear.
The polar bear is heavily wounded.
The polar bear barely misses you. The polar bear closely misses you.
You block the polar bear's attack. The polar bear barely misses you.
The polar bear misses you. You block the polar bear's attack.
You slice the polar bear!! You headbutt the polar bear.
The polar bear is almost dead.
The polar bear goes berserk!
You barely miss the polar bear.
You headbutt the polar bear, but do no damage.
The polar bear is almost dead.
You block the polar bear's attack. x2; The polar bear claws you!
The polar bear bites you. The polar bear barely misses you.
The polar bear claws you. The polar bear bites you!!
You die...

......# ###....###.##
......# #.#.......#
......# #.#.......#
####### #.........#
###############...8...###
.........))).[..........#
######...######.......#.#
####.)..######.......#
.......†.......@h....#
~~~.≈~≈~...#########.#
.~~~~~.~....# .#
.~~.≈~~~....# #
.~.≈~~.~......
.~..~~~~.....#
....~.~~.....#
.~..~~~~.....#


You could see a polar bear (berserk).

Vanquished Creatures
  Maurice (D:8)
  Maggie (D:7)
  A troll (D:7)
  Prince Ribbit (D:5)
  An unseen horror simulacrum (D:9)
  3 steam dragons
  A water moccasin (D:8)
  6 ice beasts
  2 sky beasts
  An orc warrior (D:9)
  An ogre (D:6)
  3 centaurs
  3 phantoms
  2 kobold brigands
  3 bullfrogs
  A gnoll sergeant (D:8)
  7 scorpions
  4 wights (D:8)
  5 killer bees (D:9)
  An electric eel (D:9)
  A howler monkey (D:9)
  A crimson imp (D:8)
  4 hounds
  3 orc priests
  Crazy Yiuf (D:3)
  A gnoll bouda (D:5)
  2 sleepcaps
  5 iguanas
  7 orc wizards
  Ijyb (D:3)
  Natasha (twice) (D:3)
  A sickly merfolk siren (Sewer)
  A malarious merfolk avatar (Sewer)
  A centaur simulacrum (D:9)
  17 adders
  12 gnolls
  3 river rats (Sewer)
  A shadow imp (D:7)
  3 white imps
  5 dart slugs
  27 orcs
  9 ball pythons
  A bat (D:1)
  6 endoplasms
  6 giant cockroaches
  6 goblins
  5 hobgoblins
  14 kobolds
  5 quokkas
  6 frilled lizards
  22 rats
227 creatures vanquished.

Notes
Turn   | Place    | Note
-------+----------+-------------------------------------------
     0 | D:1      | Fodor the Minotaur Fighter began the quest for the Orb.
     0 | D:1      | Reached XP level 1. HP: 19/19 MP: 0/0
   319 | D:1      | Reached XP level 2. HP: 27/27 MP: 1/1
   738 | D:2      | Reached skill level 4 in Shields
   738 | D:2      | Reached XP level 3. HP: 33/33 MP: 2/2
  1194 | D:2      | Reached XP level 4. HP: 41/41 MP: 3/3
  1374 | D:2      | Found a faded altar of an unknown god.
  1519 | D:3      | Found a white marble altar of Elyvilon.
  1553 | D:3      | Noticed Ijyb
  1567 | D:3      | Killed Ijyb
  1610 | D:3      | Found a runed translucent door.
  1611 | D:3      | Noticed Crazy Yiuf
  1618 | D:3      | Killed Crazy Yiuf
  1619 | D:3      | Reached XP level 5. HP: 47/47 MP: 4/4
  1917 | D:3      | Noticed Natasha
  1944 | D:3      | Killed Natasha
  1945 | D:3      | Reached skill level 5 in Armour
  2056 | D:3      | Noticed Natasha
  2064 | D:3      | Killed Natasha
  2065 | D:3      | Reached skill level 1 in Short Blades
  2065 | D:3      | Reached skill level 1 in Dodging
  2392 | D:4      | Found an ornate altar of the Wu Jian Council.
  2433 | D:4      | Noticed an ice beast
  2442 | D:4      | Killed an ice beast
  2443 | D:4      | Reached skill level 5 in Shields
  2443 | D:4      | Reached XP level 6. HP: 53/53 MP: 5/5
  2489 | D:4      | Reached skill level 5 in Fighting
  2603 | D:4      | Found a glowing golden altar of the Shining One.
  2921 | D:4      | Found a glowing drain.
  2944 | Sewer    | Entered a sewer
  3098 | Sewer    | Reached XP level 7. HP: 61/61 MP: 6/6
  3667 | D:5      | Entered Level 5 of the Dungeon
  3677 | D:5      | Reached skill level 6 in Shields
  3901 | D:5      | Noticed Prince Ribbit
  3913 | D:5      | Killed Prince Ribbit
  3923 | D:5      | Found a burning altar of Makhleb.
  4043 | D:5      | Reached skill level 7 in Shields
  4084 | D:5      | Reached XP level 8. HP: 70/70 MP: 7/7
  4329 | D:5      | Reached skill level 8 in Shields
  4763 | D:5      | Found a staircase to the Ecumenical Temple.
  4778 | Temple   | Entered the Ecumenical Temple
  4922 | D:6      | Reached skill level 1 in Stealth
  5113 | D:6      | Found a stormy altar of Qazlal.
  5169 | D:6      | Reached XP level 9. HP: 69/75 MP: 8/8
  5219 | D:6      | Found a sacrificial altar of Ru.
  5407 | D:6      | Found an iron altar of Okawaru.
  5422 | D:6      | Reached skill level 9 in Shields
  5500 | D:6      | Reached skill level 5 in Short Blades
  5720 | D:7      | Noticed a troll
  5732 | D:7      | Killed a troll
  6226 | D:7      | Reached skill level 10 in Shields
  6338 | D:7      | Found a bloodstained altar of Trog.
  6582 | D:7      | Noticed Maggie
  6612 | D:7      | Killed Maggie
  7060 | D:8      | Found a shadowy altar of Dithmenos.
  7061 | D:8      | Found a snail-covered altar of Cheibriados.
  7260 | D:8      | Reached XP level 10. HP: 83/85 MP: 9/9
  7366 | D:8      | Reached skill level 5 in Dodging
  7516 | D:8      | Noticed Maurice
  7534 | D:8      | Killed Maurice
  8084 | D:8      | Found a staircase to the Lair.
  8171 | D:8      | Found a shimmering blue altar of Sif Muna.
  8801 | D:8      | Identified a scroll of acquirement
  8873 | D:9      | Reached skill level 11 in Shields
  9052 | D:9      | Found a shimmering altar of Xom.
  9138 | D:9      | Acquired the scarf of Situkhlu {harm, rPois Regen+ Int+3
                  | Dex+7}
  9564 | D:9      | Slain by a polar bear

Illustrated notes

Levels and vault maps discovered:
D:1:      dpeg_arrival_castle, layout_basic
D:2:      layout_basic, nicolae_ecumenical_lake_church
D:3:      layout_loops_ring, nicolae_elyvilon_peaceful_grove,
          minmay_misc_feat_hallway, minmay_misc_feat_secret_circle, uniq_ijyb,
          uniq_crazy_yiuf_cottage, uniq_natasha
D:4:      layout_basic, nicolae_wu_jian_wuxing_cycle, tso_metal_star,
          portal_sewer_entry_e
D:5:      layout_loops_ring, mainiacjoe_overflow_24_doors,
          minmay_temple_entry_proselytizer, dk_noncrumbling_2,
          minmay_diced_spiral, uniq_prince_ribbit1
D:6:      layout_cave_pools, okawaru_metal_pillars_1_2,
          nicolae_qazlal_general_emergency, mainiacjoe_overflow_small_starburst,
          grunt_ministairs_15, st_stairs_11
D:7:      layout_loops_ring, trog_book, uniq_maggie
D:8:      layout_basic, kennysheep_mini_moat, nicolae_overflow_squiral,
          lair_entry_dummy, minmay_holes, minmay_fire_ice_demons, uniq_maurice
D:9:      layout_basic, grunt_gozag_statues, mainiacjoe_overflow_catwalk,
          yredelemnul_forgotten_temple_becter, serial_ice, serial_ice_j,
          serial_ice_h, serial_ice_c, serial_ice_e, serial_shops, shop,
          nicolae_shop_crystal, roderic_lattice_a
Temple:   nicolae_temple_colour_theory

Skill      XL: |  1  2  3  4  5  6  7  8  9 10 |
---------------+-------------------------------+-----
Armour         | 4 5 6 8 9 |  9.3
Shields        | 4 5 7 8 10 11 | 11.3
Fighting       | 4 5 6 7 |  7.7
Long Blades    | 3 4 |  4.5
Short Blades   | 1 2 3 4 6 |  6.7
Dodging        | 1 2 3 4 5 |  5.3
Stealth        | 1 |  1.6

Action                     |  1- 3 |  4- 6 |  7- 9 | 10-12 || total
---------------------------+-------+-------+-------+-------++-------
  Melee: Long sword        |    22 |       |       |   100 ||   122
         Headbutt          |     6 |    29 |    84 |    18 ||   137
         Short sword       |    33 |   137 |   469 |    18 ||   657
  Throw: Dart              |       |       |       |     1 ||     1
    Use: Scroll            |       |       |     9 |     6 ||    15
 Armour: Scale mail        |    31 |    39 |   123 |       ||   193
         Chain mail        |       |       |    16 |    40 ||    56
  Dodge: Dodged            |    32 |    52 |   165 |    56 ||   305
  Block: Buckler           |    24 |    77 |   264 |    98 ||   463
         Reflection        |       |       |    11 |     4 ||    15
